Monarchs vs Harfangs
Created - 7 novembre 2014 at 19:38
Goals
|
| Monarchs |
1 |
1 |
3 |
5 |
| Harfangs |
1 |
1 |
1 |
3 |
|
Shots
|
| Monarchs |
10 |
13 |
13 |
36 |
| Harfangs |
13 |
11 |
5 |
29 |
|
1st period
1. Harfangs , Alex Killorn 9 (James Wisniewski, Stefan Ruzicka) at 10:14
2. Monarchs , Cody Eakin 4 (Keith Ballard, Richard Park) at 13:52
Penalties :
No Penalty
2nd period
3. Monarchs , Matt Martin 4 (Matt Irwin, Richard Park) at 16:44
4. Harfangs , Petri Kontiola 9 (Michal Repik) at 19:51
Penalties :
No Penalty
3rd period
5. Harfangs , James Wisniewski 2 (Michal Repik) at 3:57
6. Monarchs , Matt Martin 5 (Keith Ballard, Richard Park) at 4:56
7. Monarchs , Jordan Nolan 9 (Brock Trotter, Matt Irwin) at 5:13 (PP)
8. Monarchs , John Moore 2 (Matt Martin, Brian Gionta) at 15:25 (PP)
Penalties :
Corey Cowick (BEA) for Hooking (Minor) at 1:20, Chris Kreider (BEA) for Roughing (Minor) at 5:01, Dustin Jeffrey (BEA) for Tripping (Minor) at 6:29, Stefan Ruzicka (BEA) for Hooking (Minor) at 13:39, Sasha Pokulok (BEA) for Hooking (Minor) at 18:43
Goalie Stats
Richard Bachman (MAN), 26 saves from 29 shots - (0,897), W, 2-1-0, 60:00 minutes
Robin Lehner (BEA), 31 saves from 36 shots - (0,861), L, 7-4-2, 60:00 minutes
Players Stats for Monarchs
Player Name G A P +/- PIM S H SB GA TA FO MP PP MP PK MP
------------------------------------------------------------------------------------
Brian Gionta 0 1 1 0 0 2 2 1 0 0 0/0 22:17 3:14 0:00
Brock Trotter 0 1 1 -1 0 2 2 0 0 0 0/0 17:51 3:03 0:00
Cody Eakin 1 0 1 2 0 4 3 0 1 0 7/13 15:35 3:57 0:00
Dana Tyrell 0 0 0 0 0 0 0 0 0 0 2/3 6:38 0:00 0:00
David Clarkson 0 0 0 -1 0 0 1 0 0 0 0/0 7:17 0:01 0:00
Dwight King 0 0 0 -1 0 0 0 0 1 0 0/0 7:51 0:32 0:00
Frederic St-Denis 0 0 0 0 0 0 0 0 0 1 0/0 12:13 0:00 0:00
Ian Cole 0 0 0 0 0 1 1 1 1 1 0/0 18:34 0:00 0:00
Jarret Stoll 0 0 0 -1 0 3 2 1 0 2 8/10 14:48 0:00 0:00
John Moore 1 0 1 -1 0 2 0 2 0 0 0/0 21:38 4:02 0:00
Jordan Nolan 1 0 1 0 0 2 6 0 0 0 11/23 22:17 3:11 0:00
Keith Ballard 0 2 2 1 0 4 0 2 1 0 0/0 25:30 3:10 0:00
Kyle Okposo 0 0 0 -1 0 3 3 0 0 0 0/1 17:51 3:03 0:00
Matt Irwin 0 2 2 -1 0 5 0 1 0 1 0/0 21:26 4:02 0:00
Matt Martin 2 1 3 2 0 3 2 0 0 0 0/1 15:35 3:57 0:00
Peter Schaefer 0 0 0 -1 0 2 3 0 0 1 0/1 20:22 0:38 0:00
Richard Park 0 3 3 2 0 2 1 0 0 0 1/1 11:38 0:00 0:00
Shawn Belle 0 0 0 0 0 0 1 0 0 0 0/0 12:52 0:00 0:00
Slava Voynov 0 0 0 1 0 1 0 0 0 0 0/0 7:47 3:10 0:00
Players Stats for Harfangs
Player Name G A P +/- PIM S H SB GA TA FO MP PP MP PK MP
------------------------------------------------------------------------------------
Alex Killorn 1 0 1 1 0 2 1 0 0 1 10/23 17:50 0:00 0:00
Andrew Orpik 0 0 0 0 0 2 1 0 1 1 0/0 19:04 0:00 2:08
Brian Lashoff 0 0 0 1 0 1 1 3 0 0 0/0 24:20 0:00 4:24
Chris Kreider 0 0 0 1 2 4 4 0 0 1 1/1 21:26 0:00 3:33
Corey Cowick 0 0 0 1 2 0 1 0 0 0 0/0 10:03 0:00 0:38
Craig Smith 0 0 0 0 0 1 2 0 1 0 1/4 9:38 0:00 0:35
Drew Shore 0 0 0 -3 0 2 0 0 0 0 2/3 13:14 0:00 2:03
Dustin Jeffrey 0 0 0 -3 2 2 0 2 1 0 0/0 12:59 0:00 1:35
James Wisniewski 1 1 2 1 0 4 1 3 1 0 0/0 29:34 0:00 5:04
Kyle Palmieri 0 0 0 -3 0 0 1 0 1 0 0/0 11:11 0:00 0:00
Mark Giordano 0 0 0 -1 0 1 2 0 0 0 0/0 13:35 0:00 0:00
Michal Repik 0 2 2 2 0 1 2 0 0 0 1/2 16:23 0:00 1:28
Petri Kontiola 1 0 1 1 0 3 5 0 1 0 6/17 18:21 0:00 4:00
Roman Wick 0 0 0 0 0 0 1 0 0 0 0/0 8:48 0:00 0:00
Sasha Pokulok 0 0 0 0 2 1 2 0 0 0 0/0 12:58 0:00 0:00
Stefan Ruzicka 0 1 1 1 2 5 2 0 0 0 3/3 17:49 0:00 0:00
Tomas Tatar 0 0 0 2 0 0 2 0 0 0 0/0 15:27 0:00 0:32
Victor Bartley 0 0 0 -1 0 0 0 1 0 1 0/0 20:03 0:00 2:48
3 Stars
1 - Matt Martin (MAN)
2 - Richard Park (MAN)
3 - James Wisniewski (BEA)
Power Play
Monarchs - 2 on 5 Attempt(s) - 40,00%
Harfangs - 0 on 0 Attempt(s) - 0,00%
Penalty Kill
Monarchs - 0 on 0 Attempt(s) - 0,00%
- Score 0 goal in Penalty Kill
Harfangs - 3 on 5 Attempt(s) - 60,00%
- Score 0 goal in Penalty Kill
Official
Referees : StLaurent Francois and VanMassenhoven Don
Linesman : Brian Mach and Greg Devorski
Game Notes
Mark Giordano is injured at 18:55 of 2nd period (Left Knee)
Finance
Level 1 -- Attendance: 1456 (72,80%) -- Ticket Income 43 680 $
Level 2 -- Attendance: 753 (75,30%) -- Ticket Income 11 295 $
Total Attendance: 2209 (73,63%)
Total Ticket Income: 54 975 $
Other Income: 2 749 $
Total Income: 57 724 $
Monarchs
5 vs 5 Forward
Center Left Wing Right Wing Time % Phy DF OF
1 Jordan Nolan Peter Schaefer Brian Gionta 40 2 1 2
2 Jarret Stoll Brock Trotter Kyle Okposo 30 1 1 3
3 Cody Eakin Matt Martin Richard Park 25 2 2 1
4 Dana Tyrell Dwight King David Clarkson 5 2 3 0
5 vs 5 Defense
Defense Defense Time % Phy DF OF
1 Keith Ballard Ian Cole 40 0 3 2
2 John Moore Matt Irwin 30 0 3 2
3 Shawn Belle Frederic St-Denis 20 0 4 1
4 Keith Ballard Slava Voynov 10 0 3 2
PowerPlay Forward
Center Left Wing Right Wing Time % Phy DF OF
1 Jordan Nolan Brock Trotter Kyle Okposo 60 1 0 4
2 Cody Eakin Matt Martin Brian Gionta 40 1 1 3
PowerPlay Defense
Defense Defense Time % Phy DF OF
1 Matt Irwin John Moore 60 0 3 2
2 Keith Ballard Slava Voynov 40 0 3 2
Penalty Kill 4 Players Forward
Center Wing Time % Phy DF OF
1 Jarret Stoll Richard Park 60 1 2 2
2 Dana Tyrell Peter Schaefer 40 1 2 2
Penalty Kill 4 Players Defense
Defense Defense Time % Phy DF OF
1 Keith Ballard Shawn Belle 60 1 2 2
2 Frederic St-Denis Ian Cole 40 1 2 2
Penalty Kill - 3 Players Forward
Forward Time % Phy DF OF
1 Jarret Stoll 60 1 2 2
2 Peter Schaefer 40 1 2 2
Penalty Kill - 3 Players Defense
Defense Defense Time % Phy DF OF
1 Keith Ballard John Moore 60 1 2 2
2 Frederic St-Denis Shawn Belle 40 1 2 2
4 vs 4 Forward
Center Wing Time % Phy DF OF
1 Jordan Nolan Brian Gionta 60 1 2 2
2 Peter Schaefer Kyle Okposo 40 1 2 2
4 vs 4 Defense
Defense Defense Time % Phy DF OF
1 Keith Ballard Slava Voynov 60 1 2 2
2 Matt Irwin Shawn Belle 40 1 2 2
Last Minutes Offensive
Center Left Wing Right Wing Defense Defense
Jordan Nolan Peter Schaefer Brian Gionta Keith Ballard Matt Irwin
Last Minutes Defensive
Center Left Wing Right Wing Defense Defense
Jarret Stoll Peter Schaefer Richard Park John Moore Keith Ballard
Goaltenders
Starting : Richard Bachman
Backup : Marek Schwarz
Extra Forwards
Normal : Jordan Nolan, Kyle Okposo, Brian Gionta - PP : Peter Schaefer, Dwight King - PK : Jordan Nolan
Extra Defensemen
Normal : John Moore, Matt Irwin, Keith Ballard - PP : Shawn Belle - PK : John Moore, Matt Irwin
Penalty Shots
Brian Gionta, Peter Schaefer, Jarret Stoll, Jordan Nolan, Richard Park
Harfangs
5 vs 5 Forward
Center Left Wing Right Wing Time % Phy DF OF
1 Alex Killorn Chris Kreider Stefan Ruzicka 40 1 2 2
2 Petri Kontiola Tomas Tatar Michal Repik 30 1 2 2
3 Drew Shore Dustin Jeffrey Kyle Palmieri 20 1 2 2
4 Craig Smith Corey Cowick Roman Wick 10 1 2 2
5 vs 5 Defense
Defense Defense Time % Phy DF OF
1 James Wisniewski Brian Lashoff 40 1 2 2
2 Mark Giordano Victor Bartley 30 1 2 2
3 Sasha Pokulok Andrew Orpik 20 1 2 2
4 Mark Giordano James Wisniewski 10 1 2 2
PowerPlay Forward
Center Left Wing Right Wing Time % Phy DF OF
1 Petri Kontiola Chris Kreider Stefan Ruzicka 60 1 2 2
2 Alex Killorn Tomas Tatar Michal Repik 40 1 2 2
PowerPlay Defense
Defense Defense Time % Phy DF OF
1 Victor Bartley James Wisniewski 60 1 2 2
2 Sasha Pokulok Mark Giordano 40 1 2 2
Penalty Kill 4 Players Forward
Center Wing Time % Phy DF OF
1 Petri Kontiola Chris Kreider 60 1 2 2
2 Drew Shore Dustin Jeffrey 40 1 2 2
Penalty Kill 4 Players Defense
Defense Defense Time % Phy DF OF
1 Brian Lashoff James Wisniewski 60 1 2 2
2 Victor Bartley Mark Giordano 40 1 2 2
Penalty Kill - 3 Players Forward
Forward Time % Phy DF OF
1 Petri Kontiola 60 1 2 2
2 Drew Shore 40 1 2 2
Penalty Kill - 3 Players Defense
Defense Defense Time % Phy DF OF
1 Brian Lashoff James Wisniewski 60 1 2 2
2 Victor Bartley Mark Giordano 40 1 2 2
4 vs 4 Forward
Center Wing Time % Phy DF OF
1 Petri Kontiola Chris Kreider 60 1 2 2
2 Alex Killorn Stefan Ruzicka 40 1 2 2
4 vs 4 Defense
Defense Defense Time % Phy DF OF
1 Victor Bartley James Wisniewski 60 1 2 2
2 Brian Lashoff Mark Giordano 40 1 2 2
Last Minutes Offensive
Center Left Wing Right Wing Defense Defense
Petri Kontiola Chris Kreider Stefan Ruzicka Mark Giordano James Wisniewski
Last Minutes Defensive
Center Left Wing Right Wing Defense Defense
Petri Kontiola Chris Kreider Stefan Ruzicka Sasha Pokulok Mark Giordano
Goaltenders
Starting : Robin Lehner
Backup : Darcy Kuemper
Extra Forwards
Normal : Craig Smith, Dustin Jeffrey, Michal Repik - PP : Craig Smith, Dustin Jeffrey - PK : Michal Repik
Extra Defensemen
Normal : James Wisniewski, Mark Giordano, Andrew Orpik - PP : James Wisniewski - PK : James Wisniewski, Mark Giordano
Penalty Shots
Craig Smith, Tomas Tatar, Petri Kontiola, James Wisniewski, Dustin Jeffrey
% Time on Ice - Monarchs
Lines # - Real PCT - Wanted PCT - Time Play
Normal Forward
1 - 37% - 40% - 19:44
2 - 28% - 30% - 14:48
3 - 22% - 25% - 11:38
4 - 13% - 5% - 6:38
Normal Defense
1 - 37% - 40% - 19:41
2 - 31% - 30% - 16:17
3 - 23% - 20% - 12:13
4 - 9% - 10% - 4:37
PP Forward
1 - 45% - 60% - 3:15
2 - 55% - 40% - 3:57
PP Defense
1 - 56% - 60% - 4:02
2 - 44% - 40% - 3:10
PK Forward
1 - 0% - 60%
2 - 0% - 40%
PK Defense
1 - 0% - 60%
2 - 0% - 40%
PK3 Forward
1 - 0% - 60%
2 - 0% - 40%
PK3 Defense
1 - 0% - 60%
2 - 0% - 40%
44 Forward
1 - 0% - 60%
2 - 0% - 40%
44 Defense
1 - 0% - 60%
2 - 0% - 40%
Last Minute Offensive - 0:00
Last Minute Defensive - 0:00
Total
Forward - 60:00
Defense - 60:00
|
% Time on Ice - Harfangs
Lines # - Real PCT - Wanted PCT - Time Play
Normal Forward
1 - 35% - 40% - 18:32
2 - 27% - 30% - 14:17
3 - 21% - 20% - 11:11
4 - 17% - 10% - 8:48
Normal Defense
1 - 37% - 40% - 19:21
2 - 33% - 30% - 17:40
3 - 21% - 20% - 11:03
4 - 9% - 10% - 4:44
PP Forward
1 - 0% - 60%
2 - 0% - 40%
PP Defense
1 - 0% - 60%
2 - 0% - 40%
PK Forward
1 - 72% - 60% - 5:09
2 - 28% - 40% - 2:03
PK Defense
1 - 61% - 60% - 4:24
2 - 39% - 40% - 2:48
PK3 Forward
1 - 0% - 60%
2 - 0% - 40%
PK3 Defense
1 - 0% - 60%
2 - 0% - 40%
44 Forward
1 - 0% - 60%
2 - 0% - 40%
44 Defense
1 - 0% - 60%
2 - 0% - 40%
Last Minute Offensive - 0:00
Last Minute Defensive - 0:00
Total
Forward - 60:00
Defense - 60:00
|
Play by Play
1st period
0:01 of 1st period - Alex Killorn wins face-off versus Jordan Nolan in neutral zone.
0:04 of 1st period - Keith Ballard is hit by Chris Kreider and loses puck.
0:27 of 1st period - Brock Trotter is hit by Petri Kontiola and loses puck.
1:31 of 1st period - Snap shot by Brian Gionta.
1:31 of 1st period - Stopped by Robin Lehner without a rebound.
1:32 of 1st period - Jarret Stoll wins face-off versus Petri Kontiola in Harfangs zone.
1:35 of 1st period - Wrist shot by Jarret Stoll.
1:35 of 1st period - Shot Misses the Net.
1:37 of 1st period - Snap shot by Jarret Stoll.
1:37 of 1st period - Stopped by Robin Lehner with a rebound.
1:39 of 1st period - Slapshot by Slava Voynov.
1:39 of 1st period - Stopped by Robin Lehner without a rebound.
1:40 of 1st period - Jarret Stoll wins face-off versus Petri Kontiola in Harfangs zone.
1:43 of 1st period - Wrist shot by Brock Trotter.
1:43 of 1st period - Stopped by Robin Lehner without a rebound.
1:44 of 1st period - Jordan Nolan wins face-off versus Alex Killorn in Harfangs zone.
1:57 of 1st period - Slapshot by Mark Giordano.
1:57 of 1st period - Shot Blocked by Keith Ballard.
1:59 of 1st period - Slapshot by James Wisniewski.
1:59 of 1st period - Stopped by Richard Bachman with a rebound.
2:09 of 1st period - Mark Giordano is hit by Ian Cole and loses puck.
2:32 of 1st period - Wrist shot by Jarret Stoll.
2:32 of 1st period - Shot Blocked by Dustin Jeffrey.
2:34 of 1st period - Slapshot by Matt Irwin.
2:34 of 1st period - Deflect By Kyle Okposo.
2:34 of 1st period - Stopped by Robin Lehner with a rebound.
2:36 of 1st period - Backhand shot by Jarret Stoll.
2:36 of 1st period - Deflect By Brock Trotter.
2:36 of 1st period - Shot Misses the Net.
2:36 of 1st period - Puck is out of play.
2:37 of 1st period - Stefan Ruzicka wins face-off versus Jordan Nolan in Harfangs zone.
3:03 of 1st period - Matt Irwin is hit by Tomas Tatar and loses puck.
4:14 of 1st period - Snap shot by Peter Schaefer.
4:14 of 1st period - Stopped by Robin Lehner without a rebound.
4:15 of 1st period - Alex Killorn wins face-off versus Jordan Nolan in Harfangs zone.
4:22 of 1st period - Snap shot by Stefan Ruzicka.
4:22 of 1st period - Stopped by Richard Bachman with a rebound.
5:09 of 1st period - Off-side.
5:10 of 1st period - Cody Eakin wins face-off versus Petri Kontiola in neutral zone.
5:12 of 1st period - Off-side.
5:13 of 1st period - Cody Eakin wins face-off versus Michal Repik in neutral zone.
7:19 of 1st period - Wrist shot by Dwight King.
7:19 of 1st period - Shot Misses the Net.
7:46 of 1st period - Brian Gionta is hit by Chris Kreider and loses puck.
7:52 of 1st period - Icing by Peter Schaefer.
7:53 of 1st period - Jordan Nolan wins face-off versus Petri Kontiola in Monarchs zone.
8:22 of 1st period - Wrist shot by Drew Shore.
8:22 of 1st period - Shot Misses the Net.
8:24 of 1st period - Wrist shot by Dustin Jeffrey.
8:24 of 1st period - Shot Misses the Net.
8:26 of 1st period - Slapshot by Mark Giordano.
8:26 of 1st period - Stopped by Richard Bachman with a rebound.
8:28 of 1st period - Slapshot by Kyle Palmieri.
8:28 of 1st period - Shot Misses the Net.
10:04 of 1st period - Snap shot by Stefan Ruzicka.
10:04 of 1st period - Stopped by Richard Bachman with a rebound.
10:08 of 1st period - Snap shot by Chris Kreider.
10:08 of 1st period - Stopped by Richard Bachman with a rebound.
10:10 of 1st period - Slapshot by Stefan Ruzicka.
10:10 of 1st period - Shot Misses the Net.
10:12 of 1st period - Snap shot by James Wisniewski.
10:12 of 1st period - Stopped by Richard Bachman with a rebound.
10:14 of 1st period - Snap shot by Alex Killorn.
10:14 of 1st period - Goal by Alex Killorn - Monarchs : 0 - Harfangs : 1.
10:15 of 1st period - Petri Kontiola wins face-off versus Kyle Okposo in neutral zone.
11:03 of 1st period - Shawn Belle is hit by Sasha Pokulok and loses puck.
11:29 of 1st period - Slapshot by David Clarkson.
11:29 of 1st period - Shot Misses the Net.
12:13 of 1st period - Slapshot by Peter Schaefer.
12:13 of 1st period - Deflect By James Wisniewski.
12:13 of 1st period - Stopped by Robin Lehner with a rebound.
12:29 of 1st period - Drew Shore is hit by Cody Eakin and loses puck.
13:38 of 1st period - Peter Schaefer is hit by Chris Kreider.
13:48 of 1st period - Slapshot by Richard Park.
13:48 of 1st period - Shot Misses the Net.
13:50 of 1st period - Wrist shot by Keith Ballard.
13:50 of 1st period - Shot Misses the Net.
13:52 of 1st period - Snap shot by Cody Eakin.
13:52 of 1st period - Goal by Cody Eakin - Monarchs : 1 - Harfangs : 1.
13:53 of 1st period - Jordan Nolan wins face-off versus Alex Killorn in neutral zone.
14:02 of 1st period - Slapshot by Stefan Ruzicka.
14:02 of 1st period - Shot Misses the Net.
14:04 of 1st period - Wrist shot by Stefan Ruzicka.
14:04 of 1st period - Shot Misses the Net.
14:18 of 1st period - Tomas Tatar is hit by Brock Trotter and loses puck.
14:23 of 1st period - Wrist shot by Brock Trotter.
14:23 of 1st period - Shot Misses the Net.
14:27 of 1st period - Snap shot by Brock Trotter.
14:27 of 1st period - Shot Hit the Post.
14:29 of 1st period - Slapshot by John Moore.
14:29 of 1st period - Stopped by Robin Lehner without a rebound.
14:30 of 1st period - Alex Killorn wins face-off versus Cody Eakin in Harfangs zone.
14:39 of 1st period - Slapshot by Cody Eakin.
14:39 of 1st period - Stopped by Robin Lehner with a rebound.
14:55 of 1st period - Jordan Nolan is hit by Petri Kontiola and loses puck.
15:42 of 1st period - Slapshot by James Wisniewski.
15:42 of 1st period - Stopped by Richard Bachman with a rebound.
15:47 of 1st period - Off-side.
15:48 of 1st period - Jordan Nolan wins face-off versus Alex Killorn in neutral zone.
16:32 of 1st period - Shawn Belle is hit by Craig Smith and loses puck.
16:55 of 1st period - Wrist shot by Drew Shore.
16:55 of 1st period - Stopped by Richard Bachman with a rebound.
16:57 of 1st period - Slapshot by Sasha Pokulok.
16:57 of 1st period - Stopped by Richard Bachman with a rebound.
16:59 of 1st period - Wrist shot by Drew Shore.
16:59 of 1st period - Deflect By Dustin Jeffrey.
16:59 of 1st period - Stopped by Richard Bachman with a rebound.
17:01 of 1st period - Snap shot by Kyle Palmieri.
17:01 of 1st period - Shot Misses the Net.
17:03 of 1st period - Snap shot by Drew Shore.
17:03 of 1st period - Stopped by Richard Bachman with a rebound.
17:50 of 1st period - Icing by James Wisniewski.
17:51 of 1st period - Craig Smith wins face-off versus Dana Tyrell in Harfangs zone.
18:06 of 1st period - Dana Tyrell is hit by Brian Lashoff and loses puck.
18:14 of 1st period - Icing by Keith Ballard.
18:15 of 1st period - Dana Tyrell wins face-off versus Alex Killorn in Monarchs zone.
18:43 of 1st period - Slapshot by Chris Kreider.
18:43 of 1st period - Stopped by Richard Bachman without a rebound.
18:44 of 1st period - Cody Eakin wins face-off versus Petri Kontiola in Monarchs zone.
19:16 of 1st period - Peter Schaefer is hit by Michal Repik and loses puck.
19:44 of 1st period - Wrist shot by Alex Killorn.
19:44 of 1st period - Shot Blocked by Jarret Stoll.
19:52 of 1st period - Mark Giordano is hit by Kyle Okposo and loses puck.
19:57 of 1st period - Wrist shot by Jarret Stoll.
19:57 of 1st period - Shot Blocked by Victor Bartley.
Goals for this period are 1 for Monarchs vs 1 for Harfangs.
Shots for this period are 10 for Monarchs vs 13 for Harfangs.
2nd period
0:01 of 2nd period - Alex Killorn wins face-off versus Jordan Nolan in neutral zone.
0:18 of 2nd period - Jordan Nolan is hit by Chris Kreider and loses puck.
0:53 of 2nd period - Wrist shot by Jordan Nolan.
0:53 of 2nd period - Shot Misses the Net.
1:01 of 2nd period - Snap shot by Brian Gionta.
1:01 of 2nd period - Shot Misses the Net.
1:07 of 2nd period - Slapshot by Jordan Nolan.
1:07 of 2nd period - Stopped by Robin Lehner without a rebound.
1:08 of 2nd period - Chris Kreider wins face-off versus Matt Martin in Harfangs zone.
1:17 of 2nd period - Snap shot by Stefan Ruzicka.
1:17 of 2nd period - Stopped by Richard Bachman with a rebound.
1:35 of 2nd period - Kyle Okposo is hit by Craig Smith.
1:39 of 2nd period - Slapshot by Jarret Stoll.
1:39 of 2nd period - Shot Misses the Net.
1:41 of 2nd period - Snap shot by Kyle Okposo.
1:41 of 2nd period - Stopped by Robin Lehner without a rebound.
1:42 of 2nd period - Jarret Stoll wins face-off versus Craig Smith in Harfangs zone.
2:37 of 2nd period - Jarret Stoll is hit by Sasha Pokulok and loses puck.
2:47 of 2nd period - Slapshot by Corey Cowick.
2:47 of 2nd period - Shot Misses the Net.
2:49 of 2nd period - Slapshot by Craig Smith.
2:49 of 2nd period - Stopped by Richard Bachman with a rebound.
3:12 of 2nd period - Icing by Frederic St-Denis.
3:13 of 2nd period - Jarret Stoll wins face-off versus Alex Killorn in Monarchs zone.
3:18 of 2nd period - Stefan Ruzicka is hit by Brock Trotter and loses puck.
3:31 of 2nd period - Slapshot by Brock Trotter.
3:31 of 2nd period - Shot Misses the Net.
4:07 of 2nd period - James Wisniewski is hit by Cody Eakin and loses puck.
4:52 of 2nd period - Wrist shot by Cody Eakin.
4:52 of 2nd period - Shot Misses the Net.
5:08 of 2nd period - Stefan Ruzicka is hit by David Clarkson and loses puck.
7:54 of 2nd period - Slava Voynov is hit by Mark Giordano and loses puck.
8:17 of 2nd period - Wrist shot by Michal Repik.
8:17 of 2nd period - Shot Misses the Net.
8:53 of 2nd period - Ian Cole is hit by Corey Cowick and loses puck.
9:04 of 2nd period - Andrew Orpik is hit by Jarret Stoll and loses puck.
10:38 of 2nd period - Shawn Belle is hit by Michal Repik and loses puck.
11:38 of 2nd period - Stefan Ruzicka is hit by Jarret Stoll and loses puck.
11:43 of 2nd period - Wrist shot by Jarret Stoll.
11:43 of 2nd period - Shot Blocked by James Wisniewski.
11:45 of 2nd period - Wrist shot by Jarret Stoll.
11:45 of 2nd period - Stopped by Robin Lehner without a rebound.
11:46 of 2nd period - Petri Kontiola wins face-off versus Jordan Nolan in Harfangs zone.
11:46 of 2nd period - Petri Kontiola is hit by Jordan Nolan.
11:58 of 2nd period - Snap shot by Michal Repik.
11:58 of 2nd period - Shot Blocked by Ian Cole.
12:04 of 2nd period - Brian Gionta is hit by Petri Kontiola and loses puck.
12:41 of 2nd period - Dana Tyrell is hit by Mark Giordano and loses puck.
12:59 of 2nd period - Corey Cowick is hit by Shawn Belle.
13:05 of 2nd period - Wrist shot by Roman Wick.
13:05 of 2nd period - Shot Misses the Net.
13:27 of 2nd period - Slapshot by Sasha Pokulok.
13:27 of 2nd period - Shot Misses the Net.
13:29 of 2nd period - Slapshot by Andrew Orpik.
13:29 of 2nd period - Deflect By Jordan Nolan.
13:29 of 2nd period - Stopped by Richard Bachman with a rebound.
13:31 of 2nd period - Wrist shot by Petri Kontiola.
13:31 of 2nd period - Stopped by Richard Bachman with a rebound.
13:41 of 2nd period - Dustin Jeffrey is hit by Kyle Okposo and loses puck.
13:50 of 2nd period - Wrist shot by Brock Trotter.
13:50 of 2nd period - Deflect By Kyle Okposo.
13:50 of 2nd period - Shot Blocked by Brian Lashoff.
13:50 of 2nd period - Puck is out of play.
13:51 of 2nd period - Cody Eakin wins face-off versus Alex Killorn in Harfangs zone.
13:54 of 2nd period - Wrist shot by Richard Park.
13:54 of 2nd period - Stopped by Robin Lehner without a rebound.
13:55 of 2nd period - Alex Killorn wins face-off versus Cody Eakin in Harfangs zone.
13:55 of 2nd period - Alex Killorn is hit by Cody Eakin.
14:05 of 2nd period - Icing by Cody Eakin.
14:06 of 2nd period - Richard Park wins face-off versus Alex Killorn in Monarchs zone.
14:15 of 2nd period - Slapshot by Ian Cole.
14:15 of 2nd period - Stopped by Robin Lehner with a rebound.
14:17 of 2nd period - Slapshot by Matt Martin.
14:17 of 2nd period - Stopped by Robin Lehner without a rebound.
14:18 of 2nd period - Alex Killorn wins face-off versus Jordan Nolan in Harfangs zone.
14:18 of 2nd period - Alex Killorn is hit by Peter Schaefer.
14:28 of 2nd period - Wrist shot by Keith Ballard.
14:28 of 2nd period - Stopped by Robin Lehner with a rebound.
14:53 of 2nd period - Snap shot by Richard Park.
14:53 of 2nd period - Deflect By Matt Martin.
14:53 of 2nd period - Shot Misses the Net.
14:53 of 2nd period - Puck is out of play.
14:54 of 2nd period - Jarret Stoll wins face-off versus Alex Killorn in Harfangs zone.
15:07 of 2nd period - Wrist shot by Chris Kreider.
15:07 of 2nd period - Stopped by Richard Bachman with a rebound.
15:09 of 2nd period - Slapshot by Chris Kreider.
15:09 of 2nd period - Shot Misses the Net.
15:39 of 2nd period - Wrist shot by Richard Park.
15:39 of 2nd period - Shot Misses the Net.
15:41 of 2nd period - Backhand shot by John Moore.
15:41 of 2nd period - Shot Blocked by Brian Lashoff.
15:43 of 2nd period - Slapshot by Cody Eakin.
15:43 of 2nd period - Stopped by Robin Lehner with a rebound.
15:45 of 2nd period - Wrist shot by Richard Park.
15:45 of 2nd period - Stopped by Robin Lehner without a rebound.
15:46 of 2nd period - Jarret Stoll wins face-off versus Alex Killorn in Harfangs zone.
15:49 of 2nd period - Slapshot by Jarret Stoll.
15:49 of 2nd period - Deflect By Kyle Okposo.
15:49 of 2nd period - Stopped by Robin Lehner with a rebound.
15:51 of 2nd period - Slapshot by Keith Ballard.
15:51 of 2nd period - Stopped by Robin Lehner without a rebound.
15:52 of 2nd period - Alex Killorn wins face-off versus Jarret Stoll in Harfangs zone.
16:19 of 2nd period - Snap shot by Petri Kontiola.
16:19 of 2nd period - Stopped by Richard Bachman with a rebound.
16:21 of 2nd period - Wrist shot by Brian Lashoff.
16:21 of 2nd period - Stopped by Richard Bachman with a rebound.
16:23 of 2nd period - Slapshot by Petri Kontiola.
16:23 of 2nd period - Shot Misses the Net.
16:42 of 2nd period - Slapshot by Matt Irwin.
16:42 of 2nd period - Stopped by Robin Lehner with a rebound.
16:44 of 2nd period - Snap shot by Matt Martin.
16:44 of 2nd period - Goal by Matt Martin - Monarchs : 2 - Harfangs : 1.
16:45 of 2nd period - Alex Killorn wins face-off versus Jordan Nolan in neutral zone.
17:16 of 2nd period - Off-side.
17:17 of 2nd period - Petri Kontiola wins face-off versus Jordan Nolan in neutral zone.
17:22 of 2nd period - Snap shot by Petri Kontiola.
17:22 of 2nd period - Shot Blocked by John Moore.
17:24 of 2nd period - Slapshot by Michal Repik.
17:24 of 2nd period - Stopped by Richard Bachman with a rebound.
18:09 of 2nd period - Matt Irwin is hit by Stefan Ruzicka and loses puck.
18:27 of 2nd period - Off-side.
18:28 of 2nd period - Cody Eakin wins face-off versus Craig Smith in neutral zone.
18:32 of 2nd period - Keith Ballard is hit by James Wisniewski.
18:54 of 2nd period - Mark Giordano is hit by Kyle Okposo and loses puck.
18:55 of 2nd period - Mark Giordano from Harfangs is injured at 18:55 of 2nd period (Left Knee).
18:56 of 2nd period - Alex Killorn wins face-off versus Jordan Nolan in Harfangs zone.
19:01 of 2nd period - Backhand shot by Stefan Ruzicka.
19:01 of 2nd period - Stopped by Richard Bachman with a rebound.
19:30 of 2nd period - Slapshot by Kyle Palmieri.
19:30 of 2nd period - Shot Misses the Net.
19:32 of 2nd period - Slapshot by Andrew Orpik.
19:32 of 2nd period - Shot Blocked by Brian Gionta.
19:34 of 2nd period - Slapshot by Andrew Orpik.
19:34 of 2nd period - Stopped by Richard Bachman with a rebound.
19:46 of 2nd period - Matt Irwin is hit by Petri Kontiola and loses puck.
19:51 of 2nd period - Wrist shot by Petri Kontiola.
19:51 of 2nd period - Goal by Petri Kontiola - Monarchs : 2 - Harfangs : 2.
19:52 of 2nd period - Stefan Ruzicka wins face-off versus Cody Eakin in neutral zone.
19:55 of 2nd period - Keith Ballard is hit by Stefan Ruzicka.
Goals for this period are 1 for Monarchs vs 1 for Harfangs.
Shots for this period are 13 for Monarchs vs 11 for Harfangs.
3rd period
0:01 of 3rd period - Stefan Ruzicka wins face-off versus Jordan Nolan in neutral zone.
0:01 of 3rd period - Stefan Ruzicka is hit by Jordan Nolan.
0:11 of 3rd period - Wrist shot by Alex Killorn.
0:11 of 3rd period - Deflect By Chris Kreider.
0:11 of 3rd period - Stopped by Richard Bachman with a rebound.
0:26 of 3rd period - Jarret Stoll is hit by Tomas Tatar and loses puck.
1:05 of 3rd period - Slapshot by Matt Irwin.
1:05 of 3rd period - Stopped by Robin Lehner without a rebound.
1:06 of 3rd period - Dana Tyrell wins face-off versus Craig Smith in Harfangs zone.
1:20 of 3rd period - Minor Penalty to Corey Cowick for Hooking.
1:21 of 3rd period - Jordan Nolan wins face-off versus Petri Kontiola in Harfangs zone.
1:52 of 3rd period - Slapshot by Brian Gionta.
1:52 of 3rd period - Shot Misses the Net.
1:54 of 3rd period - Slapshot by Matt Irwin.
1:54 of 3rd period - Shot Misses the Net.
1:56 of 3rd period - Slapshot by Matt Irwin.
1:56 of 3rd period - Shot Misses the Net.
2:27 of 3rd period - Andrew Orpik is hit by Matt Martin and loses puck.
3:20 of 3rd period - Penalty to Corey Cowick is over, Corey Cowick is back on ice.
3:22 of 3rd period - James Wisniewski is hit by Peter Schaefer and loses puck.
3:28 of 3rd period - Icing by Corey Cowick.
3:29 of 3rd period - Michal Repik wins face-off versus Peter Schaefer in Harfangs zone.
3:57 of 3rd period - Slapshot by James Wisniewski.
3:57 of 3rd period - Goal by James Wisniewski - Monarchs : 2 - Harfangs : 3.
3:58 of 3rd period - Jordan Nolan wins face-off versus Alex Killorn in neutral zone.
4:01 of 3rd period - Victor Bartley is hit by Brian Gionta and loses puck.
4:30 of 3rd period - Wrist shot by Roman Wick.
4:30 of 3rd period - Shot Blocked by Keith Ballard.
4:52 of 3rd period - Backhand shot by Richard Park.
4:52 of 3rd period - Shot Misses the Net.
4:54 of 3rd period - Wrist shot by Keith Ballard.
4:54 of 3rd period - Stopped by Robin Lehner with a rebound.
4:56 of 3rd period - Snap shot by Matt Martin.
4:56 of 3rd period - Goal by Matt Martin - Monarchs : 3 - Harfangs : 3.
4:57 of 3rd period - Jordan Nolan wins face-off versus Alex Killorn in neutral zone.
5:01 of 3rd period - Minor Penalty to Chris Kreider for Roughing.
5:02 of 3rd period - Jordan Nolan wins face-off versus Petri Kontiola in Harfangs zone.
5:03 of 3rd period - Slapshot by Matt Irwin.
5:03 of 3rd period - Shot Blocked by Brian Lashoff.
5:09 of 3rd period - Snap shot by Brock Trotter.
5:09 of 3rd period - Stopped by Robin Lehner with a rebound.
5:11 of 3rd period - Snap shot by Jordan Nolan.
5:11 of 3rd period - Shot Misses the Net.
5:13 of 3rd period - Wrist shot by Jordan Nolan.
5:13 of 3rd period - Goal by Jordan Nolan - Monarchs : 4 - Harfangs : 3.
5:14 of 3rd period - Alex Killorn wins face-off versus Jordan Nolan in neutral zone.
5:22 of 3rd period - Off-side.
5:23 of 3rd period - Jordan Nolan wins face-off versus Alex Killorn in neutral zone.
5:26 of 3rd period - Wrist shot by Brian Gionta.
5:26 of 3rd period - Shot Misses the Net.
5:38 of 3rd period - Alex Killorn is hit by Jordan Nolan and loses puck.
5:54 of 3rd period - Snap shot by Stefan Ruzicka.
5:54 of 3rd period - Shot Misses the Net.
5:56 of 3rd period - Snap shot by Stefan Ruzicka.
5:56 of 3rd period - Shot Misses the Net.
5:58 of 3rd period - Snap shot by Alex Killorn.
5:58 of 3rd period - Stopped by Richard Bachman without a rebound.
5:59 of 3rd period - Petri Kontiola wins face-off versus Jarret Stoll in Monarchs zone.
6:16 of 3rd period - Brock Trotter is hit by Petri Kontiola.
6:28 of 3rd period - Wrist shot by Dustin Jeffrey.
6:28 of 3rd period - Stopped by Richard Bachman with a rebound.
6:29 of 3rd period - Minor Penalty to Dustin Jeffrey for Tripping.
6:30 of 3rd period - Petri Kontiola wins face-off versus Jordan Nolan in Harfangs zone.
8:21 of 3rd period - Brian Lashoff is hit by Peter Schaefer and loses puck.
8:29 of 3rd period - Penalty to Dustin Jeffrey is over, Dustin Jeffrey is back on ice.
9:17 of 3rd period - Slapshot by Roman Wick.
9:17 of 3rd period - Shot Misses the Net.
9:35 of 3rd period - David Clarkson is hit by Andrew Orpik and loses puck.
9:53 of 3rd period - Andrew Orpik is hit by Jordan Nolan.
10:34 of 3rd period - Icing by Keith Ballard.
10:35 of 3rd period - Jarret Stoll wins face-off versus Petri Kontiola in Monarchs zone.
10:54 of 3rd period - Icing by Richard Park.
10:55 of 3rd period - Cody Eakin wins face-off versus Drew Shore in Monarchs zone.
11:00 of 3rd period - Brian Gionta is hit by Kyle Palmieri and loses puck.
11:31 of 3rd period - Wrist shot by Matt Irwin.
11:31 of 3rd period - Shot Misses the Net.
11:33 of 3rd period - Snap shot by Kyle Okposo.
11:33 of 3rd period - Deflect By Brock Trotter.
11:33 of 3rd period - Shot Misses the Net.
11:33 of 3rd period - Puck is out of play.
11:34 of 3rd period - Petri Kontiola wins face-off versus Cody Eakin in Harfangs zone.
12:04 of 3rd period - Wrist shot by Stefan Ruzicka.
12:04 of 3rd period - Stopped by Richard Bachman with a rebound.
12:14 of 3rd period - Alex Killorn is hit by Jordan Nolan and loses puck.
12:51 of 3rd period - Wrist shot by David Clarkson.
12:51 of 3rd period - Shot Blocked by James Wisniewski.
12:58 of 3rd period - Icing by Petri Kontiola.
12:59 of 3rd period - Jordan Nolan wins face-off versus Petri Kontiola in Harfangs zone.
13:39 of 3rd period - Minor Penalty to Stefan Ruzicka for Hooking.
13:40 of 3rd period - Jordan Nolan wins face-off versus Petri Kontiola in Harfangs zone.
13:48 of 3rd period - Backhand shot by Matt Irwin.
13:48 of 3rd period - Deflect By Petri Kontiola.
13:48 of 3rd period - Stopped by Robin Lehner with a rebound.
14:02 of 3rd period - Petri Kontiola is hit by Jordan Nolan and loses puck.
14:19 of 3rd period - Wrist shot by Brian Gionta.
14:19 of 3rd period - Stopped by Robin Lehner without a rebound.
14:20 of 3rd period - Drew Shore wins face-off versus Cody Eakin in Harfangs zone.
14:37 of 3rd period - Slapshot by Keith Ballard.
14:37 of 3rd period - Deflect By James Wisniewski.
14:37 of 3rd period - Stopped by Robin Lehner with a rebound.
14:39 of 3rd period - Snap shot by Cody Eakin.
14:39 of 3rd period - Shot Misses the Net.
14:41 of 3rd period - Snap shot by Matt Martin.
14:41 of 3rd period - Shot Misses the Net.
14:43 of 3rd period - Backhand shot by Matt Martin.
14:43 of 3rd period - Shot Misses the Net.
14:55 of 3rd period - Brian Lashoff is hit by Brian Gionta and loses puck.
15:06 of 3rd period - Backhand shot by Brian Gionta.
15:06 of 3rd period - Shot Misses the Net.
15:12 of 3rd period - Wrist shot by Cody Eakin.
15:12 of 3rd period - Stopped by Robin Lehner with a rebound.
15:19 of 3rd period - Slapshot by Matt Martin.
15:19 of 3rd period - Shot Blocked by James Wisniewski.
15:21 of 3rd period - Wrist shot by Matt Martin.
15:21 of 3rd period - Shot Misses the Net.
15:23 of 3rd period - Snap shot by Matt Martin.
15:23 of 3rd period - Shot Blocked by Dustin Jeffrey.
15:25 of 3rd period - Slapshot by John Moore.
15:25 of 3rd period - Goal by John Moore - Monarchs : 5 - Harfangs : 3.
15:26 of 3rd period - Jarret Stoll wins face-off versus Alex Killorn in neutral zone.
16:14 of 3rd period - Wrist shot by Michal Repik.
16:14 of 3rd period - Shot Misses the Net.
16:16 of 3rd period - Snap shot by Sasha Pokulok.
16:16 of 3rd period - Shot Blocked by Matt Irwin.
16:39 of 3rd period - Matt Irwin is hit by Roman Wick and loses puck.
16:44 of 3rd period - Snap shot by Craig Smith.
16:44 of 3rd period - Shot Blocked by John Moore.
17:38 of 3rd period - Snap shot by Brian Gionta.
17:38 of 3rd period - Deflect By Peter Schaefer.
17:38 of 3rd period - Shot Misses the Net.
17:38 of 3rd period - Puck is out of play.
17:39 of 3rd period - Drew Shore wins face-off versus Cody Eakin in Harfangs zone.
17:39 of 3rd period - Drew Shore is hit by Richard Park.
18:04 of 3rd period - Jarret Stoll is hit by Alex Killorn and loses puck.
18:15 of 3rd period - Wrist shot by Alex Killorn.
18:15 of 3rd period - Shot Misses the Net.
18:41 of 3rd period - Snap shot by Jarret Stoll.
18:41 of 3rd period - Stopped by Robin Lehner with a rebound.
18:43 of 3rd period - Minor Penalty to Sasha Pokulok for Hooking.
18:44 of 3rd period - Cody Eakin wins face-off versus Petri Kontiola in Harfangs zone.
18:45 of 3rd period - Slapshot by Matt Irwin.
18:45 of 3rd period - Stopped by Robin Lehner with a rebound.
18:55 of 3rd period - Snap shot by Matt Irwin.
18:55 of 3rd period - Stopped by Robin Lehner with a rebound.
19:50 of 3rd period - Brian Lashoff is hit by Matt Martin and loses puck.
Goals for this period are 3 for Monarchs vs 1 for Harfangs.
Shots for this period are 13 for Monarchs vs 5 for Harfangs.
Output by the SimonT Hockey Simulator (STHS) for François Prévost -- Original Page W3C XHTML 1.0 Valid